 Dungeon Crawl Stone Soup version 0.17.0-28-g6e173f8 (webtiles) character file.

334 PossumBlood the Covered (level 6, -1/55 HPs)
             Began as a Minotaur Fighter on Nov 26, 2015.
             Was an Initiate of Okawaru.
             Slain by a sky beast (5 damage)
             ... on level 4 of the Dungeon.
             The game lasted 00:09:13 (3268 turns).

PossumBlood the Covered (Minotaur Fighter)          Turns: 3268, Time: 00:09:13

Health: -1/55      AC: 12    Str: 20 (23) XL:     6   Next: 27%
Magic:  5/5        EV:  4    Int:  5      God:    Okawaru [......]
Gold:   152        SH:  9    Dex:  9      Spells: 0 memorised, 5 levels left

rFire  . . .     SeeInvis .     a - +1 long sword
rCold  . . .     Clarity  .     v - +0 plate armour
rNeg   . . .     SustAt   .     c - +0 shield
rPois  .         Gourm    .     (helmet restricted)
rElec  .         Spirit   .     (no cloak)
rCorr  .         Warding  .     (no gloves)
rMut   .         Stasis   .     (no boots)
MR     +....                    (no amulet)
Stlth  ..........               (no ring)
                                t - ring of protection from magic

@: lethally poisoned (-1 -> -13), somewhat resistant to hostile enchantments,
extremely unstealthy
A: retaliatory headbutt, horns 2, blurry vision 1, mutation resistance 1
a: Renounce Religion


You were on level 4 of the Dungeon.
You worshipped Okawaru.
Okawaru was noncommittal.
You were not hungry.

You visited 1 branch of the dungeon, and saw 4 of its levels.

You collected 152 gold pieces.

Inventory:

Hand Weapons
 a - a +1 long sword (weapon)
Armour
 c - a +0 shield (worn)
 v - a +0 plate armour (worn)
Jewellery
 t - a ring of protection from magic (left hand)
Wands
 g - a wand of flame (44)
Scrolls
 h - a scroll of remove curse
 n - a scroll of fear
 p - 2 scrolls of amnesia
 q - a scroll of enchant weapon
 r - a scroll of identify
Potions
 d - a potion of might
 f - a potion of agility
 j - a potion of degeneration
 k - a potion of haste
Comestibles
 e - 2 bread rations
 o - a slice of pizza


   Skills:
 + Level 4.8 Fighting
 + Level 3.9 Long Blades
 + Level 5.2 Armour
 + Level 2.6 Dodging
 + Level 5.1 Shields


You had 5 spell levels left.
You didn't know any spells.

Dungeon Overview and Level Annotations

Branches:
Dungeon (4/15)
 Temple: D:4-7

Altars:
Okawaru


Innate Abilities, Weirdness & Mutations

You reflexively headbutt those who attack you in melee.
You have a pair of horns on your head.
Scrolls take you a little longer to read.
You are somewhat resistant to further mutation.


Message History

Drink which item? (? for menu, Esc to quit)
You can't drink that!
Read which item? (? for menu, Esc to quit)
Okay, then.
You closely miss the sky beast. Your headbutt misses the sky beast.
The sky beast is moderately wounded.
* * * LOW HITPOINT WARNING * * *
You feel very sick.
The sky beast hits you but does no damage.
The sky beast barely misses you.
You slash the sky beast!
You headbutt the sky beast, but do no damage.
The sky beast is heavily wounded.
* * * LOW HITPOINT WARNING * * *
You feel sick.
The sky beast flickers out of sight!
Deactivating autopickup; reactivate with Ctrl-A.
Something hits you.
* * * LOW HITPOINT WARNING * * *
Something shocks you.
You die...

##≈≈ #≈≈≈ .... ##≈≈
.... #≈≈#########..#
##≈≈#..........#
#(..'..........#
#...'..........#
######...'.....{....#
#...(((≈≈#.(((≈)@)..#
#...(..≈≈#########..#
....(...≈≈≈g.# .#
....(..(≈≈≈g.' #
......((#≈≈h.#
####(...#≈≈..#
....(..<#≈≈....
....#.###≈≈≈...
....[.....≈≈≈≈≈


There were no monsters in sight!

Vanquished Creatures
  Sigmund (D:3)
  6 adders
  4 gnolls (D:3)
  3 worms (D:2)
  3 giant geckos
  An orc (D:3)
  4 ball pythons
  7 giant cockroaches
  12 goblins
  7 hobgoblins
  3 jackals (D:2)
  9 kobolds
  4 bats
  8 giant newts
  4 rats
76 creatures vanquished.

Notes
Turn   | Place    | Note
--------------------------------------------------------------
     0 | D:1      | PossumBlood the Minotaur Fighter began the quest for the Orb.
     0 | D:1      | Reached XP level 1. HP: 19/19 MP: 0/0
   193 | D:1      | Reached skill level 4 in Shields
   193 | D:1      | Reached XP level 2. HP: 18/27 MP: 1/1
   807 | D:2      | Reached XP level 3. HP: 33/33 MP: 2/2
  1068 | D:2      | Reached XP level 4. HP: 18/41 MP: 3/3
  1274 | D:2      | Reached skill level 1 in Dodging
  2010 | D:3      | Reached XP level 5. HP: 24/47 MP: 4/4
  2324 | D:3      | Noticed Sigmund
  2327 | D:3      | Found an iron altar of Okawaru.
  2330 | D:3      | HP: 2/47 [something (11)]
  2338 | D:3      | Killed Sigmund
  2338 | D:3      | Reached skill level 5 in Armour
  2338 | D:3      | Reached skill level 5 in Shields
  2338 | D:3      | Reached XP level 6. HP: 12/55 MP: 5/5
  2721 | D:3      | Became a worshipper of Warmaster Okawaru
  3135 | D:4      | Gained mutation: You are somewhat resistant to further mutation. [potion of mutation]
  3135 | D:4      | Gained mutation: Scrolls take you a little longer to read. [potion of mutation]
  3268 | D:4      | Slain by a sky beast

Action                   |  1- 3 |  4- 6 || total
-------------------------+-------+-------++-------
Melee: Long sword        |   116 |   112 ||   228
  Use: Potion            |       |     8 ||     8
       Scroll            |       |     9 ||     9
  Eat: Meat ration       |       |     1 ||     1
       Bread ration      |       |     1 ||     1
